 Dungeon Crawl Stone Soup version 0.25-a0-424-g80bd347ae0 (webtiles) character file.

Game seed: 7813652021150799994, levelgen mode: deterministic

7472 MrRokkomies the Slicer (level 10, 0/51 HPs)
             Began as a Spriggan Abyssal Knight on Jan 20, 2020.
             Was a High Priest of Lugonu.
             Slain by a spiny frog (13 damage)
             ... on level 1 of the Lair of Beasts on Jan 21, 2020.
             The game lasted 00:30:02 (10200 turns).

MrRokkomies the Slicer (Spriggan Abyssal Knight)   Turns: 10200, Time: 00:30:02

Health: 0/51       AC:  6    Str: 11    XL:     10   Next: 94%
Magic:  17/17      EV: 23    Int: 14    God:    Lugonu [*****.]
Gold:   513        SH:  9    Dex: 16    Spells: 3/9 levels left

rFire    . . .     SeeInvis +   a - +2 short sword (venom)
rCold    . . .     Gourm    .   r - +2 buckler
rNeg     . . .     Faith    .   m - +1 robe
rPois    .         Spirit   .   (helmet restricted)
rElec    .         Reflect  .   g - +2 cloak
rCorr    .         Harm     .   (gloves unavailable)
MR       +....                  (boots unavailable)
Stlth    +.........             J - amulet of regeneration
HPRegen  0.57/turn              D - +2 ring of evasion
MPRegen  0.15/turn              I - +2 ring of evasion

@: lethally poisoned (0 -> -1), very quick
A: very small, unfitting armour, see invisible, herbivore, speed 3, slow
metabolism 2
a: Depart the Abyss, Bend Space, Banish, Corrupt, Enter the Abyss, Renounce
Religion


You were on level 1 of the Lair of Beasts.
You worshipped Lugonu.
Lugonu was extremely pleased with you.
You were not hungry.

You visited 2 branches of the dungeon, and saw 9 of its levels.
You visited the Abyss 1 time.
You also visited: Sewer.

You collected 513 gold pieces.

Inventory:

Hand Weapons
 a - a +2 short sword of venom (weapon)
 b - a +0 hunting sling
 e - a +2 quarterstaff of pain
 f - a +0 hand crossbow
 K - a +1 rapier of speed
Missiles
 h - 103 sling bullets
 L - 4 poisoned darts (quivered)
Armour
 g - a +2 cloak (worn)
 m - a +1 robe (worn)
 r - a +2 buckler (worn)
 y - a +0 robe of positive energy
Jewellery
 k - an uncursed amulet of magic regeneration
 D - a +2 ring of evasion (left hand)
 I - a +2 ring of evasion (right hand)
 J - an amulet of regeneration (around neck)
 N - an uncursed ring of magical power
Wands
 B - a wand of digging (4)
Scrolls
 d - a scroll of holy word {unknown}
 n - 5 scrolls of teleportation
 u - 2 scrolls of enchant armour
 v - 2 scrolls of remove curse
 x - a scroll of magic mapping
 A - a scroll of fear
 C - a scroll of blinking
 G - 3 scrolls of noise {unknown}
 M - a scroll of identify
 O - a scroll of enchant weapon {unknown}
Potions
 i - 4 potions of haste
 j - a potion of curing {unknown}
 l - 3 potions of brilliance
 o - a potion of agility {unknown}
 p - a potion of heal wounds {unknown}
 q - 2 potions of degeneration {unknown}
 s - 2 potions of might {unknown}
 t - 2 potions of cancellation {unknown}
 w - 2 potions of invisibility {unknown}
 z - 2 potions of flight
 F - a potion of lignification {unknown}
 H - a potion of resistance {unknown}
Miscellaneous
 E - a phial of floods
Comestibles
 c - 8 rations


   Skills:
 - Level 5.1 Fighting
 * Level 10.9 Short Blades
 - Level 4.2 Dodging
 * Level 6.3 Shields
 + Level 8.5 Invocations
 + Level 5.3 Evocations


You had 3 spell levels left.
You knew the following spells:

 Your Spells              Type           Power        Failure   Level  Hunger
a - Animate Dead          Necr           N/A          96%         4    #####..
b - Blink                 Tloc           N/A          41%         2    ###....

Your spell library contained the following spells:

 Spells                   Type           Power        Failure   Level  Hunger
 Animate Skeleton         Necr           N/A          30%         1    ##.....
 Magic Dart               Conj           #...         30%         1    ##.....
 Pain                     Necr           #...         30%         1    ##.....
 Call Imp                 Summ           #.......     41%         2    ###....
 Slow                     Hex            #.......     41%         2    ###....
 Conjure Flame            Conj/Fire      #.......     65%         3    ####...
 Mephitic Cloud           Conj/Pois/Air  #.......     65%         3    ####...
 Vampiric Draining        Necr           #.........   65%         3    ####...
 Agony                    Necr           #.......     100%        5    ######.


Dungeon Overview and Level Annotations

Branches:
Dungeon (8/15)             Temple (0/1) D:7            Lair (1/6) D:8
  Sewer (visited)

Altars:
Ashenzari
Cheibriados
Elyvilon
Fedhas
Hepliaklqana
Kikubaaqudgha
Okawaru
Qazlal
Trog
Yredelemnul
The Shining One

Shops:
D:7 :   D:8 (


Innate Abilities, Weirdness & Mutations

You are very small and have problems with some larger weapons.
You are too small for most types of armour.
You have supernaturally acute eyesight. (SInv)
You are a herbivore.
You cover ground extremely quickly.
You need to consume almost no food.


Message History

You feel sick. You block the spiny frog's attack.
You hit the spiny frog but do no damage.
The spiny frog is almost dead.
You feel sick.
You hit the spiny frog but do no damage.
The spiny frog is almost dead.
You block the spiny frog's attack.
You hit the spiny frog but do no damage.
The spiny frog is poisoned.
The spiny frog is almost dead.
You feel sick. You block the spiny frog's attack.
You hit the spiny frog but do no damage.
The spiny frog is almost dead.
You barely miss the spiny frog.
The spiny frog is almost dead.
You feel sick. You block the spiny frog's attack.
You barely miss the spiny frog.
The spiny frog is almost dead.
The spiny frog stings you!
You die...

## ##### ###
#"#####.#P####.##
#...............#
#.............## ##
#..F......^....#
#.P##..@..........##
..................#
###.#.............#
# ###..###.###.##
##...# ### ###
##..#P# #..####
##.P# #...##### #


You could see a spiny frog.

Vanquished Creatures
  Pikel (D:4)
  Joseph (D:8)
  A rime drake (Lair:1)
  A kobold demonologist (D:8)
  Grinder (D:5)
  A hippogriff (D:8)
  Sigmund (D:5)
  2 wyverns
  A basilisk (Lair:1)
  Eustachio (D:4)
  A water moccasin (Lair:1)
  A porcupine (D:8)
  2 orc warriors
  A black bear (D:6)
  A centaur (D:6)
  6 ogres
  3 phantoms
  2 crocodiles (Lair:1)
  17 big kobolds
  4 bullfrogs
  A water moccasin zombie (D:8)
  2 scorpions
  3 crimson imps
  A bullfrog zombie (D:8)
  2 jellies
  2 quasits
  4 hounds
  2 centaur skeletons (D:4)
  8 orc priests
  6 orc wizards
  A bullfrog skeleton (D:8)
  An iguana (D:5)
  7 worker ants
  Natasha (twice) (D:3)
  2 hound zombies
  4 gnolls (D:7)
  14 adders
  2 river rats (D:4)
  A shadow imp (D:6)
  8 oozes
  An adder zombie (D:8)
  2 adder skeletons
  10 worms
  5 dart slugs
  7 leopard geckos
  29 orcs
  7 giant cockroaches
  12 hobgoblins
  10 jackals
  6 quokkas
  A ball python (D:4)
  7 bats
  10 frilled lizards
  8 goblins
  A jackal skeleton (D:5)
  A jackal zombie (D:6)
  24 kobolds
  A leopard gecko skeleton (D:3)
  9 rats
273 creatures vanquished.

Vanquished Creatures (collateral kills)
  An ogre (D:5)
  An orc (D:5)
2 creatures vanquished.

Vanquished Creatures (others)
  A hydra (Lair:1)
1 creature vanquished.

Grand Total: 276 creatures vanquished

Notes
Turn   | Place    | Note
-------+----------+-------------------------------------------
     0 | Abyss:1  | MrRokkomies the Spriggan Abyssal Knight began the quest for
                  | the Orb.
     0 | Abyss:1  | Reached XP level 1. HP: 11/11 MP: 3/3
    34 | Abyss:2  | Noticed a small abomination
    43 | Abyss:2  | Found a bloodstained altar of Trog.
    49 | Abyss:2  | Noticed a spatial vortex
    50 | Abyss:2  | Noticed a spatial vortex
    50 | Abyss:2  | Noticed a spatial vortex
   100 | Abyss:4  | Noticed a small abomination
   129 | Abyss:5  | Entered Level 5 of the Abyss
   129 | Abyss:5  | Noticed a neqoxec
   129 | Abyss:5  | Noticed a guardian serpent
   130 | D:1      | Escaped the Abyss
   182 | D:1      | Reached * piety under Lugonu
   189 | D:1      | Reached XP level 2. HP: 16/16 MP: 4/4
   377 | D:1      | Reached XP level 3. HP: 14/19 MP: 5/5
   411 | D:1      | Found a shattered altar of Ashenzari.
   576 | D:1      | Reached skill level 3 in Short Blades
   648 | D:1      | Reached ** piety under Lugonu
   927 | D:2      | Reached XP level 4. HP: 14/24 MP: 6/6
  1363 | D:2      | Found a hazy altar of Hepliaklqana.
  2151 | D:2      | Reached XP level 5. HP: 13/28 MP: 8/8
  2324 | D:3      | Reached skill level 4 in Short Blades
  2638 | D:3      | Reached *** piety under Lugonu
  2649 | D:3      | Reached skill level 1 in Shields
  2837 | D:3      | Noticed Natasha
  2852 | D:3      | Killed Natasha
  2916 | D:3      | Found an ancient bone altar of Kikubaaqudgha.
  3003 | D:3      | Reached XP level 6. HP: 26/32 MP: 9/9
  3225 | D:3      | Noticed Natasha
  3252 | D:3      | Killed Natasha
  3634 | D:4      | Found a glowing golden altar of the Shining One.
  3785 | D:4      | Reached skill level 5 in Short Blades
  3853 | D:4      | Reached XP level 7. HP: 22/36 MP: 11/11
  3897 | D:4      | Noticed Pikel
  3913 | D:4      | Killed Pikel
  3913 | D:4      | Reached skill level 6 in Short Blades
  3913 | D:4      | Reached skill level 5 in Invocations
  3973 | D:4      | Reached XP level 8. HP: 25/42 MP: 13/13
  4005 | D:4      | Found a glowing drain.
  4010 | Sewer    | Entered a sewer
  4582 | Sewer    | Reached **** piety under Lugonu
  5357 | D:4      | Noticed Eustachio
  5369 | D:4      | Killed Eustachio
  5445 | D:5      | Entered Level 5 of the Dungeon
  5673 | D:5      | Reached skill level 7 in Short Blades
  5893 | D:5      | Found an iron altar of Okawaru.
  6004 | D:5      | Found a white marble altar of Elyvilon.
  6109 | D:5      | Noticed Sigmund
  6159 | D:5      | Killed Sigmund
  6217 | D:5      | Found a white marble altar of Elyvilon.
  6391 | D:6      | Noticed Grinder
  6399 | D:5      | Paralysed by Grinder for 2 turns
  6416 | D:5      | Killed Grinder
  6416 | D:5      | Reached XP level 9. HP: 25/46 MP: 15/15
  6819 | D:6      | Reached skill level 8 in Short Blades
  7372 | D:6      | Reached skill level 5 in Fighting
  7478 | D:7      | Found a staircase to the Ecumenical Temple.
  7581 | D:7      | Learned a level 4 spell: Animate Dead
  7952 | D:7      | Found Fotuifa's Book Shop.
  8189 | D:7      | Learned a level 2 spell: Blink
  8216 | D:7      | Reached ***** piety under Lugonu
  8271 | D:7      | Found a stormy altar of Qazlal.
  8289 | D:7      | Reached skill level 1 in Evocations
  8425 | D:7      | Found a blossoming altar of Fedhas.
  8429 | D:7      | Found a bloodstained altar of Trog.
  8440 | D:7      | Found a snail-covered altar of Cheibriados.
  8503 | D:7      | Reached skill level 9 in Short Blades
  8854 | D:8      | Found a staircase to the Lair.
  8918 | D:8      | Reached XP level 10. HP: 38/51 MP: 16/16
  8975 | D:8      | Reached skill level 5 in Shields
  9143 | D:8      | Noticed Joseph
  9303 | D:8      | Killed Joseph
  9354 | D:8      | Found a basalt altar of Yredelemnul.
  9576 | D:8      | Reached skill level 10 in Short Blades
  9858 | D:8      | Found Pojahieh's Weapon Emporium.
  9920 | Lair:1   | Entered Level 1 of the Lair of Beasts
  9920 | Lair:1   | Noticed a four-headed hydra
  9921 | Lair:1   | Banished a four-headed hydra
  9935 | Lair:1   | Reached skill level 5 in Evocations
 10052 | Lair:1   | Noticed a spiny frog
 10200 | Lair:1   | Slain by a spiny frog

Levels and vault maps discovered:
D:1:      psy_arrival_terrarium, layout_loops_ring, ashenzari_altar_1
D:2:      layout_loops_ring, lemuel_crystal_altar, serial_glass,
          glass_columns_a, glass_columns_b, item_on_display_b,
          item_on_display_a, hangedman_abyss_or_decor_stabs
D:3:      layout_basic, kiku_gazebo_pond_becter, uniq_natasha
D:4:      layout_gridville, nicolae_tso_swordbearing_angel,
          lightli_sewer_entry_pipes, first_ration, uniq_eustachio, uniq_pikel
D:5:      layout_loops_corners, marbit_many_paths, basic_altar,
          elyvilon_altar_4, uniq_sigmund
D:6:      layout_basic, uniq_grinder
D:7:      layout_basic, minmay_overflow_temple_star_quad,
          minmay_temple_entry_gardened_gates, basic_altar, serial_shops,
          nicolae_shop_waterfront
D:8:      lemuel_ice_spiral_2, layout_basic, kennysheep_little_box,
          dpeg_oklobed_lair, serial_shops, kennysheep_mini_moat, special_room
          [special_room_kobold], uniq_joseph
Lair:1:   layout_roguey, grunt_megastairs_5

Skill      XL: |  1  2  3  4  5  6  7  8  9 10 |
---------------+-------------------------------+-----
Invocations    | 2 3 4 5 6 7 8 |  8.5
Short Blades   | 3 4 5 6 7 9 10 | 10.9
Dodging        | 4 |  4.2
Fighting       | 3 4 5 |  5.1
Shields        | 1 2 3 4 6 |  6.3
Evocations     | 2 5 |  5.3

Action                   |  1- 3 |  4- 6 |  7- 9 | 10-12 || total
-------------------------+-------+-------+-------+-------++-------
Melee: Short sword       |   159 |   212 |   339 |   370 ||  1080
       Rapier            |       |       |   451 |    14 ||   465
 Fire: Hunting sling     |       |    46 |    11 |       ||    57
Throw: Dart              |     1 |    28 |    16 |       ||    45
       Throwing net      |       |       |     1 |       ||     1
Invok: Depart the Abyss  |     1 |       |       |       ||     1
       Banish            |       |       |       |     1 ||     1
Evoke: Wand              |       |       |     1 |       ||     1
       Phial of floods   |       |       |     1 |       ||     1
  Use: Scroll            |     2 |     3 |     5 |     1 ||    11
       Potion            |       |     2 |     3 |       ||     5
 Stab: Sleeping          |     2 |     2 |     2 |     2 ||     8
       Distracted        |       |       |     1 |       ||     1
  Eat: Ration            |       |     1 |     3 |     1 ||     5
Armor: Robe              |    15 |    21 |    51 |    21 ||   108
Dodge: Dodged            |   137 |   115 |   383 |   158 ||   793
Block: Buckler           |       |    67 |   217 |   116 ||   400

Table legend:
 A = Non-vault XP
 B = Vault XP
 C = Vault XP percentage of total XP
 D = Non-vault monster count
 E = Vault monster count
 F = Vault count percentage of total count
                 A         B        C        D         E       F
            +---------+---------+-------+---------+---------+-------
      Total |    6674 |    4001 |  37.5 |     210 |      66 |  23.9
            +---------+---------+-------+---------+---------+-------
        D:1 |      61 |       0 |   0.0 |      35 |       0 |   0.0
        D:2 |     109 |       0 |   0.0 |      19 |       0 |   0.0
        D:3 |     239 |      35 |  12.8 |      33 |       1 |   2.9
        D:4 |     418 |     935 |  69.1 |      11 |      11 |  50.0
        D:5 |     454 |     529 |  53.8 |      15 |       3 |  16.7
        D:6 |     598 |       0 |   0.0 |      20 |       0 |   0.0
        D:7 |    1371 |       0 |   0.0 |      33 |       0 |   0.0
        D:8 |    2009 |    2415 |  54.6 |      38 |      26 |  40.6
     Lair:1 |    1415 |       0 |   0.0 |       6 |       0 |   0.0
      Sewer |       0 |      87 | 100.0 |       0 |      25 | 100.0
            +---------+---------+-------+---------+---------+-------
